 Dungeon Crawl Stone Soup version 0.25-a0-289-g406d6369f5 (webtiles) character file.

Game seed: 6534067253532833980, levelgen mode: deterministic

2580 MoonlitKnight the Spear-Bearer (level 9, -6/71 HPs)
             Began as a Merfolk Skald on Dec 13, 2019.
             Was a Follower of Ashenzari.
             Mangled by a wolf (10 damage)
             ... led by Grum
             ... on level 8 of the Dungeon.
             The game lasted 00:25:20 (9357 turns).

MoonlitKnight the Spear-Bearer (Merfolk Skald)      Turns: 9357, Time: 00:25:21

Health: -6/71      AC:  8    Str: 13    XL:     9   Next: 58%
Magic:  5/12       EV: 15    Int: 14    God:    Ashenzari [*.....]
Gold:   443        SH:  5    Dex: 13    Spells: 3/12 levels left

rFire    . . .     SeeInvis +   a - +3 dagger (venom)
rCold    . . .     Gourm    .   H - +0 buckler
rNeg     . . .     Faith    .   l - +0 ring mail
rPois    .         Spirit   .   (no helmet)
rElec    .         Reflect  .   K - +0 cloak
rCorr    .         Harm     .   B - +1 pair of gloves
MR       .....                  (no boots)
Stlth    +.........             (no amulet)
HPRegen  0.21/turn              q - ring of see invisible
MPRegen  0.13/turn              m - +1 ring of evasion

@: infused, very slightly contaminated
A: change form in water, swift swim, stealthy swim
a: Curse Item, Scrying, Renounce Religion


You were on level 8 of the Dungeon.
You worshipped Ashenzari.
Ashenzari was aware of your devotion.
You were hungry.

You visited 2 branches of the dungeon, and saw 9 of its levels.

You collected 443 gold pieces.

Inventory:

Hand Weapons
 a - a +3 dagger of venom (weapon)
 b - a +0 hunting sling
 f - a +0 spear
 I - a +0 glaive
 J - a +1 dagger of electrocution
 V - a +0 trident
Missiles
 D - 9 poisoned darts (quivered)
Armour
 l - a +0 ring mail (worn)
 s - a +0 leather armour
 B - a +1 pair of gloves (worn)
 H - a +0 buckler (worn)
 K - a +0 cloak (worn)
Jewellery
 e - an uncursed ring of ice
 m - a +1 ring of evasion (right hand)
 q - a ring of see invisible (left hand)
 L - an uncursed ring of ice
 R - an uncursed ring of protection from fire
Wands
 u - a wand of polymorph (2)
 y - a wand of iceblast (12)
 O - a wand of scattershot (6)
 T - a wand of flame (14)
Scrolls
 h - 2 scrolls of magic mapping
 j - 2 scrolls of immolation {unknown}
 n - 3 scrolls of remove curse
 p - 3 scrolls of enchant armour
 t - 2 scrolls of teleportation
 w - a scroll of blinking {unknown}
 x - 2 scrolls of identify
 E - 3 scrolls of enchant weapon {unknown}
 F - 2 scrolls of amnesia
 G - a scroll of random uselessness {unknown}
 P - 4 scrolls of fog {unknown}
 Q - a scroll of acquirement {unknown}
Potions
 c - 4 potions of might
 g - 2 potions of curing
 i - 2 potions of flight
 k - a potion of lignification
 o - a potion of ambrosia {unknown}
 r - a potion of haste {unknown}
 v - a potion of berserk rage {unknown}
 z - a potion of heal wounds {unknown}
 C - a potion of cancellation {unknown}
 M - a potion of brilliance {unknown}
 N - 2 potions of resistance {unknown}
 S - a potion of agility {unknown}
 U - a potion of mutation {unknown}
Comestibles
 d - 22 rations


   Skills:
 + Level 6.7 Fighting
 * Level 11.8 Polearms
 - Level 0.6 Armour
 + Level 8.1 Dodging
 - Level 4.0 Shields
 - Level 2.0 Spellcasting
 + Level 4.2 Charms


You had 3 spell levels left.
You knew the following spells:

 Your Spells              Type           Power        Failure   Level  Hunger
a - Infusion              Chrm           ##..         9%          1    ##.....
b - Shroud of Golubria    Chrm/Tloc      #.....       32%         2    ###....
c - Spectral Weapon       Hex/Chrm       #.......     54%         3    ####...
d - Regeneration          Chrm/Necr      #.........   54%         3    ####...

Your spell library contained the following spells:

 Spells                   Type           Power        Failure   Level  Hunger
 Song of Slaying          Chrm           ##......     13%         2    ###....
 Freeze                   Ice            #...         45%         1    ##.....
 Summon Small Mammal      Summ           #...         45%         1    ##.....
 Ozocubu's Armour         Chrm/Ice       #.......     54%         3    ####...
 Call Imp                 Summ           #.......     58%         2    ###....
 Call Canine Familiar     Summ           #.......     83%         3    ####...
 Summon Guardian Golem    Hex/Summ       #.......     83%         3    ####...
 Hailstorm                Conj/Ice       #.......     99%         4    #####..
 Summon Ice Beast         Ice/Summ       #.......     99%         4    #####..
 Summon Lightning Spire   Summ/Air       #.......     99%         4    #####..


Dungeon Overview and Level Annotations

Branches:
Dungeon (8/15)             Temple (1/1) D:6
   Lair: D:8-11

Altars:
Ashenzari
Cheibriados
Dithmenos
Elyvilon
Fedhas
Gozag
Hepliaklqana
Kikubaaqudgha
Nemelex Xobeh
Okawaru
Qazlal
Ru
Sif Muna
Trog
Uskayaw
Vehumet
Wu Jian
Xom
Yredelemnul
Zin
The Shining One

Shops:
D:4 :}:(   D:6 *   D:8 *

Annotations:
D:5 1 runed translucent door, anet's ghost, novice KoHu
D:8 Grum


Message History

The wolf misses you. The wolf closely misses you. Grum barely misses you.
Casting: Shroud of Golubria (safe; 32% risk of failure)
Confirm with . or Enter, or press ? or * to list all spells.
You miscast Shroud of Golubria.
Your skin tingles.
You block the wolf's attack. The wolf misses you.
Grum hits you from afar with a -2 spear!
* * * LOW HITPOINT WARNING * * *
Casting: Shroud of Golubria (safe; 32% risk of failure)
Confirm with . or Enter, or press ? or * to list all spells.
Space distorts slightly along a thin shroud covering your body.
The wolf bites you but does no damage.
Grum zaps a wand.
You easily resist.
Casting: Shroud of Golubria (safe; 32% risk of failure)
Confirm with . or Enter, or press ? or * to list all spells.
You begin infusing your attacks with magical energy.
You block the wolf's attack. The wolf barely misses you.
You block Grum's attack.
You closely miss the wolf. The wolf misses you. The wolf closely misses you.
Grum misses you.
You closely miss the wolf. The wolf bites you!
You die...

.(
####(###
#..(...#
##......#
#..)....#
#.g.....#
#.h.....#
#@(....(#
##......#
#......#
#......#
#......#
#......#
.......#
......#


You could see Grum and a wolf.

Vanquished Creatures
  A yak (D:8)
  Edmund (D:4)
  A porcupine (D:8)
  A phantom (D:7)
  An ice beast (D:6)
  3 ogres
  2 wolves (D:8)
  3 centaurs (D:7)
  A big kobold (D:7)
  2 bullfrogs (D:6)
  4 scorpions
  6 wights
  2 hounds
  A centaur zombie (D:5)
  2 bullfrog skeletons
  2 orc priests (D:6)
  A jelly (D:6)
  An iguana (D:6)
  5 orc wizards
  5 worker ants
  Natasha (thrice) (D:2)
  5 adders
  A shadow imp (D:6)
  An ooze (D:3)
  3 worms
  4 dart slugs
  8 leopard geckos
  7 orcs
  A ball python (D:5)
  3 bats
  9 giant cockroaches
  10 goblins
  6 hobgoblins
  10 kobolds
  A quokka (D:5)
  A ball python skeleton (D:6)
  4 frilled lizards (D:2)
  A jackal skeleton (D:4)
  A leopard gecko skeleton (D:5)
  9 rats
133 creatures vanquished.

Notes
Turn   | Place    | Note
-------+----------+-------------------------------------------
     0 | D:1      | MoonlitKnight the Merfolk Skald began the quest for the
                  | Orb.
     0 | D:1      | Reached XP level 1. HP: 16/16 MP: 3/3
    51 | D:1      | Reached XP level 2. HP: 4/23 MP: 0/5
   578 | D:1      | Reached skill level 4 in Polearms
   754 | D:1      | Reached XP level 3. HP: 27/28 MP: 6/6
   883 | D:1      | Learned a level 2 spell: Shroud of Golubria
   887 | D:1      | Learned a level 3 spell: Spectral Weapon
  1539 | D:2      | Noticed Natasha
  1542 | D:2      | Killed Natasha
  1542 | D:2      | Reached skill level 5 in Polearms
  1542 | D:2      | Reached XP level 4. HP: 35/35 MP: 7/7
  2387 | D:2      | Noticed Natasha
  2404 | D:2      | Killed Natasha
  2404 | D:2      | Reached XP level 5. HP: 20/41 MP: 0/8
  2738 | D:2      | Noticed Natasha
  2746 | D:2      | Killed Natasha
  3072 | D:3      | Found a hazy altar of Hepliaklqana.
  3167 | D:3      | Found a white marble altar of Elyvilon.
  3564 | D:4      | Reached skill level 6 in Polearms
  3668 | D:5      | Entered Level 5 of the Dungeon
  3830 | D:4      | Reached XP level 6. HP: 40/48 MP: 3/9
  3892 | D:4      | Found Adisim's Book Emporium.
  3917 | D:4      | Found Xukhle Namy's Gadget Boutique.
  4215 | D:4      | Found Yrusch's Weapon Shop.
  4333 | D:4      | Noticed Edmund
  4354 | D:4      | Killed Edmund
  4354 | D:4      | Reached skill level 7 in Polearms
  4354 | D:4      | Reached skill level 5 in Dodging
  4416 | D:4      | Reached XP level 7. HP: 45/55 MP: 4/10
  4526 | D:4      | Found Orphacopt's Book Boutique.
  4575 | D:4      | Reached skill level 8 in Polearms
  4656 | D:5      | Found a sparkling altar of Nemelex Xobeh.
  5089 | D:5      | Found an iron altar of Okawaru.
  5103 | D:5      | Reached skill level 1 in Shields
  5210 | D:5      | Found a runed translucent door.
  5210 | D:5      | Noticed anet's ghost (novice KoHu)
  5491 | D:6      | Learned a level 3 spell: Regeneration
  5650 | D:6      | Reached skill level 5 in Fighting
  5650 | D:6      | Reached skill level 9 in Polearms
  5707 | D:6      | Reached XP level 8. HP: 16/62 MP: 4/11
  6315 | D:6      | Found a staircase to the Ecumenical Temple.
  6351 | D:6      | Reached skill level 10 in Polearms
  6609 | Temple   | Entered the Ecumenical Temple
  6631 | Temple   | Became a worshipper of Ashenzari the Shackled
  7049 | D:6      | Found Lecat's Assorted Antiques.
  7924 | D:7      | Found a glowing silver altar of Zin.
  8005 | D:7      | Reached XP level 9. HP: 65/69 MP: 4/12
  8109 | D:7      | Found a blossoming altar of Fedhas.
  8124 | D:7      | Reached skill level 11 in Polearms
  8799 | D:8      | Reached * piety under Ashenzari
  9046 | D:8      | Found Cidoy's General Store.
  9122 | D:8      | HP: 1/71 [porcupine's spines (7)]
  9323 | D:8      | Noticed Grum
  9353 | D:8      | HP: 3/71 [Grum/-2 spear (17)]
  9357 | D:8      | Mangled by a wolf

Levels and vault maps discovered:
D:1:      dpeg_arrival_prison, layout_basic
D:2:      minmay_inner_zag, layout_loops_ring, uniq_natasha
D:3:      layout_loops_ring, elyvilon_altar_5, old_standard_altar
D:4:      layout_loops_ring, first_ration, serial_shops, shop,
          nicolae_shop_trees, shop_coins, kennysheep_little_box, uniq_edmund
D:5:      layout_loops_cross, okawaru_gym_becter, gammafunk_ghost_grave,
          basic_altar, portal_sewer_entry_c, minmay_tree_intersection
D:6:      layout_basic, minmay_temple_entry_proselytizer, serial_shops,
          nicolae_shop_trees
D:7:      layout_basic, old_standard_altar, minivault_14, grunt_ogre_cave,
          minmay_misc_feat_five, fedhas_bush_and_centaur_altar
D:8:      layout_gridville, minmay_lair_entry_grove, serial_shops,
          nicolae_shop_trees, chequers_garden, chequers_serial_rivers_micro_e,
          minmay_door_square, chequers_serial_rivers_micro_c, uniq_grum
Temple:   minmay_crystal_spiral_temple

Skill      XL: |  1  2  3  4  5  6  7  8  9 |
---------------+----------------------------+-----
Dodging        | 3 4 5 6 7 8 |  8.1
Polearms       | 4 5 6 7 9 10 11 | 11.8
Fighting       | 3 4 5 6 |  6.7
Shields        | 1 3 4 |  4.0
Charms         | 4 |  4.2
Armour         | |  0.6
Spellcasting   | |  2.0

Action                   |  1- 3 |  4- 6 |  7- 9 || total
-------------------------+-------+-------+-------++-------
Melee: Spear             |    17 |       |       ||    17
       Dagger            |    71 |   100 |   311 ||   482
       Unarmed           |       |    14 |       ||    14
 Fire: Hunting sling     |       |    19 |    89 ||   108
Throw: Boomerang         |       |    16 |       ||    16
       Dart              |       |     4 |    16 ||    20
 Cast: Infusion          |     1 |     7 |    16 ||    24
       Shroud of Golubri |       |     1 |    13 ||    14
  Use: Scroll            |       |    10 |     1 ||    11
 Stab: Sleeping          |       |     1 |       ||     1
  Eat: Chunk             |     2 |     6 |    10 ||    18
       Ration            |       |     1 |     2 ||     3
Armor: Leather armour    |    11 |    15 |       ||    26
       Ring mail         |       |    12 |    61 ||    73
       Skin              |       |       |    66 ||    66
Dodge: Dodged            |    42 |    95 |   197 ||   334
Block: Buckler           |       |       |    74 ||    74

Table legend:
 A = Non-vault XP
 B = Vault XP
 C = Vault XP percentage of total XP
 D = Non-vault monster count
 E = Vault monster count
 F = Vault count percentage of total count
                 A         B        C        D         E       F
            +---------+---------+-------+---------+---------+-------
      Total |    2593 |    1093 |  29.7 |     110 |      23 |  17.3
            +---------+---------+-------+---------+---------+-------
        D:1 |      48 |       2 |   4.0 |      22 |       1 |   4.3
        D:2 |     107 |      46 |  30.1 |      16 |       7 |  30.4
        D:3 |      26 |       0 |   0.0 |       9 |       0 |   0.0
        D:4 |     318 |     171 |  35.0 |      13 |       1 |   7.1
        D:5 |     266 |      24 |   8.3 |      11 |       7 |  38.9
        D:6 |    1024 |      41 |   3.8 |      23 |       1 |   4.2
        D:7 |     552 |     230 |  29.4 |      11 |       2 |  15.4
        D:8 |     252 |     579 |  69.7 |       5 |       4 |  44.4
            +---------+---------+-------+---------+---------+-------
